Map: Ley Lines

Players

ManlyManMeat - Winner!

  • Race: Zerg Zerg
  • League: Platinum
  • Spawn Location: 7:00

miki

  • Race: Zerg Zerg
  • League: Platinum
  • Spawn Location: 1:00

VOD

Have the link to the VOD?

Description

Time

  • Played on: June 21, 2025, 1:29 p.m.
  • Length: 12:09
Show
View Real Time Build Order
Export as new Build Order

ManlyManMeat Zerg - Winner!

Build Orders: Hatch First 

Get SALT Encoding   

  12  0:00  Drone  
  13  0:08  Drone  
  14  0:14  Extractor  
  14  0:15  Drone  
  15  0:22  Overlord  
  15  0:44  Drone  
  15  0:48  Hatchery  
  15  0:50  Drone  
  15  0:54  Drone  
  17  1:04  Extractor  
  16  1:11  Spawning Pool  
  15  1:16  Drone  
  16  1:19  Drone  
  16  1:22  Drone  
  18  1:29  Drone  
  19  1:38  Drone  
  20  1:59  Queen  
  20  2:00  Queen  
  24  2:01  Zergling x2  
  24  2:02  Zergling x2  
  26  2:09  Metabolic Boost  
  26  2:17  Drone x2  
  28  2:22  Overlord  
  28  2:29  Overlord  
  28  2:46  Baneling Nest  
  28  2:48  Zergling x6  
  28  2:49  Drone  
  28  2:50  Drone  
  31  3:02  Drone  
  31  3:03  Drone  
  33  3:13  Drone x5  
  33  3:14  Overlord  
  38  3:28  Drone x4  
  38  3:31  Baneling x2  
  42  3:37  Drone  
  43  3:54  Baneling  
  43  3:57  Overlord x2  
  43  3:59  Zergling x8  
  43  4:01  Baneling  
  47  4:07  Zergling x2  
  47  4:08  Zergling x2  
  48  4:24  Hatchery  
  48  4:30  Zergling x8  
  49  4:37  Drone  
  50  4:45  Evolution Chamber  
  49  4:47  Roach Warren  
  48  4:57  Zergling x8  
  50  5:29  Zergling x2, Baneling x3  
  50  5:30  Zergling x14  
  50  5:34  Zergling x2  
  59  5:36  Queen  
  59  5:40  Roach x6  
  73  5:43  Lair  
  73  5:46  Extractor  
  73  5:47  Extractor x2  
  63  5:59  Baneling x3  
  63  6:02  Drone x3  
  63  6:04  Queen  
  59  6:31  Roach  
  59  6:32  Roach x4  
  62  6:43  Zergling x6  
  62  6:44  Zergling x16  
  72  6:51  Drone x2  
  72  6:52  Overlord x2  
  74  6:57  Overlord x2  
  72  7:16  Zergling x2  
  72  7:17  Zergling x16  
  76  7:26  Zerg Missile Weapons Level 1  
  76  7:27  Glial Reconstitution  
  65  7:50  Zergling x30  
  73  8:02  Roach  
  73  8:03  Roach x5  
  85  8:22  Baneling x6  
  85  8:23  Baneling, Roach x9  
  97  8:42  Roach x5  
  97  8:44  Drone x3  
  103  8:55  Drone x2  
  105  9:08  Zergling x2  
  105  9:09  Overlord x4  
  105  9:35  Roach x12  
  129  9:39  Zerg Missile Weapons Level 2  
  129  9:45  Spore Crawler  
  128  9:47  Spore Crawler  
  128  9:48  Spore Crawler  
  128  9:52  Spore Crawler  
  102  10:25  Hydralisk Den  
  83  11:06  Hydralisk x11  
  83  11:08  Zergling x14  
  83  11:09  Zergling x12  
  100  11:20  Zergling x2  
  100  11:21  Zergling x12  
  85  11:33  Drone x6  
Show
View Real Time Build Order
Export as new Build Order

miki Zerg 

Build Orders: Hatch First 

Get SALT Encoding   

  12  0:01  Drone  
  13  0:13  Overlord  
  13  0:16  Drone  
  14  0:31  Drone x2  
  14  0:35  Drone  
  17  0:52  Hatchery  
  17  0:56  Drone  
  17  0:58  Extractor  
  16  1:12  Spawning Pool  
  15  1:20  Drone x2  
  15  1:24  Drone  
  18  1:32  Drone  
  19  1:42  Overlord  
  19  1:59  Queen  
  21  2:04  Queen  
  21  2:07  Zergling x2  
  24  2:09  Zergling x2  
  24  2:12  Zergling x2  
  26  2:25  Zergling x4  
  26  2:29  Drone x2  
  30  2:37  Drone x2  
  32  2:51  Drone x2  
  33  2:57  Baneling Nest  
  32  3:07  Drone  
  32  3:08  Drone  
  34  3:13  Hatchery, Spine Crawler  
  34  3:18  Metabolic Boost  
  32  3:25  Drone x2  
  34  3:27  Drone  
  34  3:31  Overlord  
  35  3:42  Baneling x2  
  35  4:02  Drone  
  36  4:03  Drone x7  
  43  4:11  Lair  
  43  4:15  Extractor  
  42  4:18  Overlord x2  
  42  4:21  Queen  
  44  4:34  Zergling x8  
  44  4:35  Zergling x4  
  48  4:43  Roach Warren  
  48  4:45  Drone x3  
  49  4:46  Drone  
  51  4:56  Baneling x3  
  51  4:58  Zergling x2  
  51  4:59  Zergling x12  
  52  5:33  Roach x7  
  52  5:35  Overlord x3  
  60  6:02  Roach x7  
  71  6:15  Evolution Chamber  
  71  6:18  Evolution Chamber  
  69  6:20  Zergling x2  
  69  6:21  Zergling x18  
  74  6:43  Spire  
  73  6:48  Roach  
  73  6:49  Roach x7  
  73  6:50  Overlord x2  
  89  6:55  Extractor, Zerg Missile Weapons Level 1  
  89  6:59  Extractor  
  87  7:03  Queen  
  89  7:09  Drone x3  
  89  7:10  Drone  
  75  7:26  Roach  
  75  7:27  Roach x5  
  77  7:37  Roach x2  
  77  7:38  Roach  
  71  8:08  Zergling x4  
  71  8:09  Zergling x14  
  80  8:13  Glial Reconstitution  
  80  8:27  Drone  
  80  8:28  Drone x2  
  79  8:47  Queen  
  80  8:51  Mutalisk  
  80  8:52  Mutalisk x3  
  86  9:16  Drone  
  90  9:17  Drone x12  
  90  9:19  Mutalisk x2  
  97  9:34  Mutalisk  
  99  9:47  Drone  
  99  9:48  Drone x4  
  99  9:50  Queen  
  102  10:05  Roach x4  
  80  10:18  Mutalisk x2  
  80  10:19  Mutalisk  
  79  10:21  Zergling x2  
  79  10:22  Zergling x4  
  74  10:31  Spine Crawler  
  57  10:47  Zergling x2  
  57  10:48  Zergling x14  
  44  11:34  Drone  
  44  11:35  Drone x6  
  51  11:41  Spawning Pool  
Tags
 
Add a new tag
Caveats
  • Supply blocks, unpowered buildings, or Contaminate may cause inaccurate times.
  • Supply counts are checked every 10 seconds.